 Dungeon Crawl Stone Soup version 0.22-a0-348-gd16d1391c7 (webtiles) character file.

897855 Edwin the Victor of a Thousand Battles (level 27, -1/211 (221) HPs)
             Began as a Gnoll Fighter on Mar 28, 2018.
             Was the Champion of Okawaru.
             Killed from afar by a death drake (18 damage)
             ... with a foul vapour
             ... summoned by a shadow demon
             ... created by the effects of Hell
             ... on level 7 of Tartarus on Apr 8, 2018.
             The game lasted 07:44:20 (125035 turns).

Edwin the Victor of a Thousand Battles (GnFi)     Turns: 125035, Time: 07:44:21

HP:   -1/211 (221)  AC: 36    Str: 32      XL:     27
MP:   29/48         EV: 21    Int: 26 (28) God:    Okawaru [******]
Gold: 7169          SH: 26    Dex: 13 (14) Spells: 32/68 levels left

rFire    + + +     SeeInvis +   b - +10 demon whip "Orb Guardian's Curse" {elec, rC+ Int+2}
rCold    + + +     Gourm    .   P - +1 large shield "Daleesop" {rF+ Str+2 Int+3 SInv}
rNeg     . . .     Faith    .   I - +3 plate armour of Entitlement {*Contam rF+ rCorr Int+6}
rPois    .         Spirit   .   n - +2 hat {MR+}
rElec    +         Reflect  .   E - +2 cloak of Time Monsters {rElec Regen+ Dex-4}
rCorr    +         Harm     .   B - +2 pair of gloves {archery}
MR       ++++.                  y - +0 pair of boots "Oxzoede" {rElec rC+ Str-2}
Stlth    +++.......             N - amulet of Vitality {Regen+ HP+15}
HPRegen  1.25/turn              w - ring "Xyle" {EV+2 Str+4 Int+4 Dex+2 SInv}
MPRegen  0.31/turn              C - ring of Immorality {rElec rF+ rC+}

@: lethally poisoned (-1 -> -44), studying Necromancy
A: distributed training, fangs 1, molten scales 1, blink, deterioration 2, frail
1, magic resistance 1, no potion heal 1, MP-powered wands, strong nose
}: 6/15 runes: decaying, slimy, silver, iron, abyssal, gossamer
a: Blink, Heroism, Finesse, Renounce Religion


You were on level 7 of Tartarus.
You worshipped Okawaru.
Okawaru was exalted by your worship.
You were not hungry.

You visited 17 branches of the dungeon, and saw 81 of its levels.
You visited the Abyss 1 time.
You also visited: Labyrinth.

You collected 9667 gold pieces.
You spent 2498 gold pieces at shops.

Inventory:

Hand Weapons
 a - the +5 hand crossbow of Zuocul {flame, +Inv Str+7}
   (You found it on level 7 of the Iron City of Dis)

   It causes projectiles fired from it to burn those they strike, causing extra
   injury to most foes and up to half again as much damage against particularly
   susceptible opponents.
   It affects your strength (+7).
   It lets you turn invisible.
 b - the +10 demon whip "Orb Guardian's Curse" (weapon) {elec, rC+ Int+2}
   (You took it off a crimson imp on level 5 of the Depths)

   Occasionally, upon striking a foe, it will discharge some electrical energy
   and cause terrible harm.
   It affects your intelligence (+2).
   It protects you from cold.
 p - the +7 arbalest "Goluez" {flame, Str-2 Int+8 Dex+4 Stlth+}
   (Okawaru gifted it to you on level 15 of the Dungeon)

   It causes projectiles fired from it to burn those they strike, causing extra
   injury to most foes and up to half again as much damage against particularly
   susceptible opponents.
   It affects your strength (-2).
   It affects your intelligence (+8).
   It affects your dexterity (+4).
   It makes you more stealthy.
Missiles
 r - 1938 arrows
 v - 1410 bolts
Armour
 n - a +2 hat of magic resistance (worn)
 o - the +6 chain mail "Meylea Coneo" {rN+ Int-3 SInv}
   (You found it on level 5 of the Vaults)

   It affects your intelligence (-3).
   It protects you from negative energy.
   It lets you see invisible.
 y - the +0 pair of boots "Oxzoede" (worn) {rElec rC+ Str-2}
   (You found it in a labyrinth)

   It affects your strength (-2).
   It protects you from cold.
   It insulates you from electricity.
 B - a +2 pair of gloves of archery (worn)
 E - the +2 cloak of Time Monsters (worn) {rElec Regen+ Dex-4}
   (Okawaru gifted it to you on level 1 of the Depths)

   It affects your dexterity (-4).
   It insulates you from electricity.
   It increases your rate of regeneration.
 I - the +3 plate armour of Entitlement (worn) {*Contam rF+ rCorr Int+6}
   (You bought it in a shop on level 2 of the Orcish Mines)

   It affects your intelligence (+6).
   It protects you from fire.
   It causes magical contamination when unequipped.
   It protects you from acid and corrosion.
 P - the +1 large shield "Daleesop" (worn) {rF+ Str+2 Int+3 SInv}
   (You bought it in a shop on level 7 of the Dungeon)

   It affects your strength (+2).
   It affects your intelligence (+3).
   It protects you from fire.
   It lets you see invisible.
 Q - the +0 pair of boots "Iduiw" {rF+ MR+ Dex+4}
   (You found it on level 6 of the Lair of Beasts)

   It affects your dexterity (+4).
   It protects you from fire.
   It affects your resistance to hostile enchantments.
Jewellery
 w - the ring "Xyle" (left hand) {EV+2 Str+4 Int+4 Dex+2 SInv}
   (You acquired it on level 3 of the Depths)

   [ring of evasion]

   It affects your evasion (+2).
   It affects your strength (+4).
   It affects your intelligence (+4).
   It affects your dexterity (+2).
   It lets you see invisible.
 C - the ring of Immorality (right hand) {rElec rF+ rC+}
   (You took it off an iron imp on level 7 of the Iron City of Dis)

   [ring of protection from fire]

   It protects you from fire.
   It protects you from cold.
   It insulates you from electricity.
 N - the amulet of Vitality (around neck) {Regen+ HP+15}
   (You found it on level 3 of the Elven Halls)

   [amulet of regeneration]

   It affects your health (+15).
   It increases your rate of regeneration.
Wands
 G - a wand of digging (35)
 Y - a wand of disintegration (31)
Scrolls
 g - 28 scrolls of remove curse
 i - 25 scrolls of identify
 j - 10 scrolls of amnesia
 k - 10 scrolls of teleportation
 l - 5 scrolls of fog
 s - 9 scrolls of fear
 z - 5 scrolls of enchant armour
 A - 4 scrolls of magic mapping
 F - 2 scrolls of silence
 J - 5 scrolls of holy word
 L - 4 scrolls of enchant weapon
 O - 3 scrolls of blinking
 T - a scroll of summoning
 X - a scroll of brand weapon
Potions
 d - 2 potions of might
 h - 15 potions of curing
 m - 3 potions of mutation
 q - 5 potions of haste
 t - 4 potions of heal wounds
 u - 9 potions of brilliance
 x - 6 potions of resistance
 D - 2 potions of invisibility
 M - 2 potions of magic
 S - 4 potions of agility
 U - 2 potions of flight
 W - 4 potions of berserk rage
Books
 c - a manual of Necromancy
Comestibles
 f - 52 rations


   Skills:
 + Level 21.6 Fighting
 + Level 21.0 Short Blades
 + Level 21.0 Long Blades
 + Level 21.0 Axes
 + Level 21.3 Maces & Flails
 + Level 21.0 Polearms
 + Level 21.0 Staves
 + Level 21.0 Slings
 + Level 21.0 Bows
 + Level 21.0 Crossbows
 + Level 21.0 Throwing
 + Level 21.6 Armour
 + Level 21.0 Dodging
 + Level 21.0 Stealth
 + Level 21.6 Shields
 + Level 21.0 Unarmed Combat
 + Level 21.0 Spellcasting
 + Level 18.2 Conjurations
 + Level 18.2 Hexes
 + Level 18.2 Charms
 + Level 18.2 Summonings
 + Level 20.9 Necromancy
 + Level 18.2 Translocations
 + Level 18.2 Transmutations
 + Level 18.2 Fire Magic
 + Level 18.2 Ice Magic
 + Level 18.2 Air Magic
 + Level 18.2 Earth Magic
 + Level 18.2 Poison Magic
 + Level 22.5 Invocations
 + Level 21.0 Evocations


You had 32 spell levels left.
You knew the following spells:

 Your Spells              Type           Power        Failure   Level  Hunger
a - Mephitic Cloud        Conj/Pois/Air  #######.     0%          3    None
b - Summon Butterflies    Summ           #######.     0%          1    None
c - Apportation           Tloc           ######       0%          1    None
d - Swiftness             Chrm/Air       #######.     0%          2    None
e - Summon Forest         Summ/Tloc      #######...   1%          5    None
f - Deflect Missiles      Chrm/Air       #######...   1%          6    #......
g - Borgnjor's Vile Clut  Necr/Erth      #######...   1%          5    None
h - Invisibility          Hex            #######.     1%          6    #......
i - Statue Form           Tmut/Erth      #######..    1%          6    #......
j - Flame Tongue          Conj/Fire      #####        0%          1    None


Dungeon Overview and Level Annotations

Branches:
Dungeon (15/15)            Temple (1/1) D:5            Lair (6/6) D:9
  Swamp (4/4) Lair:3       Spider (4/4) Lair:2        Slime (5/5) Lair:6
    Orc (2/2) D:10            Elf (3/3) Orc:2        Vaults (5/5) D:13
  Crypt (3/3) Vaults:3     Depths (5/5) D:15           Hell (1/1)
    Dis (7/7) Hell            Geh (1/7) Hell            Coc (7/7) Hell
    Tar (7/7) Hell            Zot (5/5) Depths:5
   Tomb: Crypt:3

Altars:
Ashenzari
Cheibriados
Dithmenos
Elyvilon
Fedhas
Gozag
Hepliaklqana
Kikubaaqudgha
Makhleb
Nemelex Xobeh
Okawaru
Qazlal
Ru
Trog
Uskayaw
Vehumet
Wu Jian
Xom
Yredelemnul
Zin
The Shining One
Jiyva
Lugonu

Shops:
D:7 [   D:8 *   D:11 (   Orc:2 ([*=   Elf:1 *   Elf:3 !   Vaults:4 (
Depths:3 *   Depths:5 =?

Portals:
Hell: Depths:1 Depths:2 Depths:3 Depths:4 Depths:5
Abyss: Depths:4
Pandemonium: Depths:1 Depths:3 Depths:5
Ziggurat: Depths:3

Annotations:
D:4 brujo666's ghost, amateur MiGl
D:6 Prince Ribbit
Vaults:2 exclusion: orange crystal statue
Zot:5 1 exclusion


Innate Abilities, Weirdness & Mutations

Your experience applies equally to all skills.
You have very sharp teeth.
Your uncanny sense of smell can sniff out nearby items.
You are partially covered in molten scales. (AC +2)
You can translocate small distances at will.
Your body often deteriorates upon taking damage.
You are frail. (-10% HP)
You are resistant to hostile enchantments. (MR+)
Potions are less effective at restoring your health.
You expend magic power (3 MP) to strengthen your wands.


Message History

You feel yourself speed up.
You are no longer corroded.
You feel very sick. The rust devil misses you.
You block the death drake's attack.
You block the skeletal warrior's attack. x2
The skeletal warrior hits you but does no damage.
The shadow demon completely misses you. The skeletal warrior misses you.
You block the skeletal warrior's attack.
The reaper hits you with an antimagic scythe!!
* * * LOW HITPOINT WARNING * * *
You feel your power leaking away. The orange demon barely misses you.
The orange demon stings you!
* * * LOW HITPOINT WARNING * * *
You are lethally poisoned!
The orange demon poisons you! The orange demon misses you.
The rust devil completely misses you.
The titan zombie hits you but does no damage.
The death drake breathes miasma at you. The foul vapour engulfs you!
You are more poisoned.
You die...

#.∩....)..........,,,,,,,,,,,,,
#......)).))......,,,,,,,,,,,,,
#......).)))......,,,,,,,,,,,,,
#.........#######.,,,,,,,,,,,,,
#.......########***,,,,,,,,,,,,
#......#####$$$###**,,,,,,,,,,,
#.....####$$z$Z$$##**,,,,,,,,,,
#.....###$$$z2kz$$##*,,,,,,,,,,
#....###$$$$44@2$$$#**,,,,,,,,,
#....###...$zZ4z§..#**,,,,,,,,,
#...###....#####....#**,,,,,,,,
#...###..### *##..#**,,,,,,,,
#...##..## **..#*,,,,,,,,
#...##'##***********+#*,,,,,,,,
#...##.#,,,,,,,,,,,*,**,,,,,,,,
#...##.#,*********,*,**,,,,,,,,
#...##.#+*********+*,**,,,,,,,,


You could see a reaper, a death drake, 5 skeletal warriors, a shadow demon, 2
orange demons, a rust devil, a titan zombie and a shadow dragon skeleton.

Vanquished Creatures
  the Royal Jelly (Slime:5)
  the Serpent of Hell (Hell)
  Dispater (Dis:7)
  2 ancient liches
  2 juggernauts
  A greater mummy (Crypt:2)
  Boris (Vaults:5)
  21 shard shrikes
  Margery (Vaults:3)
  Geryon (Hell)
  Bai Suzhen (Swamp:3)
  A caustic shrike (Depths:3)
  The ghost of Mandevil the Peltast, a veteran HuFi of Okawaru (Depths:2)
  4 golden dragons
  Arachne (Spider:2)
  7 bone dragons
  2 doom hounds
  9 iron giants
  11 Tzitzimimeh
  2 shard shrike zombies (Crypt:3)
  Jorgrun (Spider:3)
  5 Brimstone Fiends
  11 Hell Sentinels
  7 liches
  3 deep elf blademasters
  17 tentacled monstrosities
  A titan (Vaults:5)
  19 Ice Fiends
  31 acid blobs
  5 quicksilver dragons
  4 death cobs
  Murray (Depths:1)
  An acid blob (shapeshifter) (Vaults:3)
  2 Executioners
  3 thorn hunters (Swamp:4)
  13 ancient champions
  2 sphinxes
  Kirke (D:13)
  6 eldritch tentacles
  7 tentacled starspawn (Abyss:3)
  12 storm dragons
  Donald (Spider:3)
  4 draconian monks
  8 tengu reavers
  14 azure jellies
  12 shadow dragons
  4 revenants
  14 fire giants
  4 ghost moths
  6 draconian scorchers
  13 frost giants
  2 balrugs
  13 iron dragons
  15 vault wardens
  2 deep elf sorcerers (Elf:3)
  3 orc warlords
  7 draconian knights
  5 ghouls
  A caustic shrike zombie (Crypt:2)
  2 draconian stormcallers
  11 emperor scorpions
  An angel (Abyss:3)
  8 draconian annihilators
  3 draconian shifters
  8 ironheart preservers
  57 reapers
  A spriggan defender (Depths:2)
  10 deep elf elementalists
  24 very ugly things
  3 entropy weavers
  16 war gargoyles
  21 stone giants
  5 elemental wellsprings
  2 ophanim (Abyss:3)
  9 vampire knights
  A stone giant (shapeshifter) (Vaults:5)
  8 black draconians
  8 deep elf demonologists
  2 lorocyprocas
  13 green draconians
  9 purple draconians
  5 yellow draconians
  A minotaur (Lab)
  10 red draconians
  7 deep elf annihilators
  8 white draconians
  9 spark wasps
  Azrael (Spider:1)
  10 deep elf death magi
  7 eidola
  10 jiangshi
  12 blizzard demons
  16 ettins
  Snorg (Lair:4)
  A crystal guardian (Vaults:4)
  10 death oozes
  3 green deaths
  2 mummy priests (Crypt:3)
  4 deep elf high priests
  Josephine (Spider:1)
  11 yaktaur captains
  12 fire dragons
  16 great orbs of eyes
  A kraken zombie (Coc:3)
  4 quicksilver dragon skeletons
  23 ice dragons
  26 hydras
  7 quicksilver dragon zombies
  2 hell beasts
  Harold (Lair:4)
  27 vault guards
  4 rakshasas
  A merfolk avatar (Lair:6)
  9 centaur warriors
  8 spriggan air magi
  3 catoblepae
  3 ghost crabs
  Erica (D:8)
  5 death knights
  38 dancing weapons
  19 ogre magi
  6 alligators
  A queen ant (D:12)
  6 deep troll shamans
  37 two-headed ogres
  7 hell hogs
  2 tengu warriors
  5 deep troll earth magi
  A shock serpent (shapeshifter) (Vaults:5)
  6 sun demons
  6 vampire magi
  24 hell knights
  10 thrashing horrors (Abyss:3)
  Urug (Lair:5)
  3 orc high priests (Orc:2)
  2 iron golems
  6 titan zombies
  10 spriggan berserkers
  23 deep elf knights
  Sonja (Lair:3)
  The ghost of Execuda the Cleaver, a novice DDFi of Makhleb (D:8)
  4 storm dragon zombies
  13 soul eaters
  8 wretched stars (Abyss:3)
  An iron troll (Depths:5)
  A titan skeleton (Dis:7)
  25 large abominations (Abyss:3)
  2 sixfirhies (Abyss:3)
  10 shadow wraiths
  A sea snake (Lair:6)
  A quicksilver dragon simulacrum (Coc:3)
  185 skeletal warriors
  A sea snake (shapeshifter) (Depths:5)
  A salamander mystic (Depths:5)
  15 deep trolls
  3 ghost moth zombies
  4 golden dragon zombies
  6 flayed ghosts
  15 anaconda zombies
  6 wizards
  5 shadow demons
  10 swamp dragons
  2 storm dragon skeletons
  3 glowing orange brains
  2 cherubim (Abyss:3)
  10 starcursed masses (Abyss:3)
  30 phantasmal warriors
  9 deep elf archers
  4 golden dragon skeletons
  6 shadow dragon zombies
  2 shambling mangroves
  4 spriggan druids
  15 orc knights
  5 anaconda skeletons
  15 ironbrand convokers
  A sphinx zombie (Vaults:4)
  5 wolf spider zombies
  14 orb spiders
  4 harpies
  21 necromancers
  31 ugly things
  5 cyclopes
  7 iron dragon zombies
  32 wolf spiders
  10 orc sorcerers
  An oklob plant (Orc:2)
  An orb spider (shapeshifter) (Vaults:1)
  4 manticores
  6 shining eyes
  6 frost giant zombies
  12 fire giant zombies
  A salamander (shapeshifter) (Vaults:2)
  74 deep elf magi
  A faun (shapeshifter) (Vaults:3)
  4 salamanders
  7 frost giant skeletons
  A worldbinder (Abyss:3)
  3 stone giant zombies
  4 iron dragon skeletons
  7 fire giant skeletons
  3 black mambas
  2 dire elephant zombies
  3 shadow dragon skeletons
  24 moths of wrath
  2 stone giant skeletons
  8 vault sentinels
  An elephant (shapeshifter) (D:15)
  58 rust devils
  4 apocalypse crabs (Abyss:3)
  A molten gargoyle (Depths:5)
  25 elephants
  Psyche (D:8)
  A naga mage (D:15)
  A torpor snail (Lair:6)
  A shock serpent zombie (Dis:7)
  An ice statue (Hell)
  4 centaur skeletons
  11 spiny frogs
  3 spriggan skeletons
  4 eyes of devastation
  An orange demon (Abyss:3)
  2 storm dragon simulacra
  6 smoke demons
  A shock serpent skeleton (Coc:5)
  An eye of devastation (shapeshifter) (Vaults:2)
  12 hellions
  3 gargoyles
  5 dire elephant skeletons
  9 rime drakes
  4 catoblepas zombies
  2 emperor scorpion zombies
  A kobold demonologist (D:13)
  An efreet (Abyss:3)
  21 demonic crawlers
  13 komodo dragons
  A minotaur zombie (Abyss:3)
  35 tormentors
  A ghost moth simulacrum (Abyss:3)
  33 yaktaurs
  A golden dragon simulacrum (Tar:3)
  36 freezing wraiths
  2 hellwings (Depths:5)
  9 trolls
  An anaconda simulacrum (Crypt:1)
  9 ancient zymes (Abyss:3)
  30 guardian mummies
  2 harpy zombies
  30 jumping spiders
  5 red devils
  20 hydra zombies
  39 ice devils
  5 tyrant leeches
  2 silent spectres (Tar:1)
  A sea snake skeleton (Crypt:2)
  A wolf spider simulacrum (Abyss:3)
  4 polar bears
  A shadow dragon simulacrum (Depths:4)
  2 harpy skeletons
  40 hornets
  A jumping spider (shapeshifter) (Vaults:1)
  A slime creature (shapeshifter) (Vaults:4)
  2 polar bears (shapeshifter)
  5 alligator zombies
  112 slime creatures
  14 bog bodies
  4 fire dragon zombies
  20 blink frogs
  8 ice dragon zombies
  6 raiju (Abyss:3)
  2 wind drakes (Lair:6)
  6 ettin zombies
  2 spectral guardian serpents (Crypt:2)
  2 fire giant simulacra
  A death drake skeleton (Crypt:1)
  10 hippogriffs
  7 hydra skeletons
  24 wraiths
  4 air elementals
  2 centaur simulacra (D:15)
  3 alligator skeletons
  23 spriggans
  97 flying skulls
  81 redbacks
  7 ynoxinuls
  Sigmund (D:5)
  A black mamba skeleton (Coc:2)
  35 tarantellas
  2 ettin skeletons
  17 water elementals
  24 shadows
  3 fire bats (Abyss:3)
  4 fire dragon skeletons
  A vampire (D:11)
  5 wyverns
  2 ushabtiu (Crypt:3)
  A yak (shapeshifter) (Depths:2)
  A dire elephant simulacrum (Coc:7)
  An ice dragon skeleton (Coc:3)
  8 small abominations
  23 vampire mosquitoes
  2 hogs (shapeshifter)
  3 hungry ghosts
  3 neqoxecs (Abyss:3)
  7 yaks
  9 fire elementals
  A basilisk (D:14)
  2 emperor scorpion simulacra
  16 golden eyes
  3 wargs
  A catoblepas simulacrum (Crypt:3)
  3 elf skeletons
  2 ogre zombies
  14 swamp worms
  23 insubstantial wisps
  3 hydra simulacra
  A spatial vortex (Dis:5)
  A two-headed ogre skeleton (Crypt:1)
  5 acid dragons
  A floating eye (Slime:4)
  70 hell hounds
  17 spiny frog zombies
  10 soldier ants
  14 water moccasins
  A monstrous demonspawn skeleton (Dis:7)
  6 porcupines
  A swamp drake (shapeshifter) (Vaults:3)
  Duvessa (D:7)
  18 swamp drakes
  A merfolk skeleton (Coc:1)
  12 necrophages
  4 spiny frog skeletons
  27 ice beasts
  48 orc warriors
  A sky beast (D:5)
  2 black bears
  An eye of draining (shapeshifter) (Vaults:3)
  A hornet zombie (Crypt:2)
  10 eyes of draining
  A sky beast (shapeshifter) (Vaults:5)
  An ettin simulacrum (Depths:1)
  A meliai simulacrum (D:15)
  2 swamp dragon zombies
  3 alligator simulacra
  A snapping turtle zombie (Dis:5)
  13 boggarts
  40 ogres
  7 phantoms
  25 centaurs
  5 snapping turtle skeletons
  6 wolves (Lair:6)
  A torpor snail zombie (Crypt:3)
  A manticore skeleton (Coc:7)
  2 elf zombies
  A swamp dragon skeleton (Coc:5)
  7 crocodiles
  2 elf simulacra
  2 hog skeletons (Crypt:1)
  4 human zombies
  11 bullfrogs
  3 big kobolds
  A salamander skeleton (Crypt:2)
  A gnoll sergeant (D:7)
  10 earth elementals
  A wyvern zombie (D:11)
  2 spiny frog simulacra
  A wyvern skeleton (D:8)
  6 scorpions
  Dowan (D:7)
  A raiju zombie (Crypt:3)
  4 killer bees (D:13)
  A troll skeleton (Crypt:1)
  55 wights
  4 howler monkeys
  7 electric eels
  A bullfrog zombie (D:8)
  2 quasits (Abyss:3)
  6 centaur zombies
  4 hounds
  2 human simulacra
  A wolf skeleton (Crypt:3)
  7 crimson imps
  6 bullfrog skeletons
  12 orc priests
  28 iron imps
  7 jellies
  A gnoll shaman (D:5)
  33 orc wizards
  Jessica (D:2)
  5 iguanas
  A killer bee zombie (Crypt:1)
  38 worker ants
  A crocodile zombie (Crypt:2)
  A felid skeleton (Crypt:3)
  An ogre skeleton (Dis:7)
  3 hound zombies
  6 mummies
  A howler monkey skeleton (D:9)
  A howler monkey zombie (D:11)
  11 gnolls
  12 adders
  A swamp drake skeleton (Crypt:1)
  13 shadow imps
  20 white imps
  3 ufetubi
  An adder zombie (D:7)
  A lava snake skeleton (Crypt:2)
  3 adder skeletons
  6 worms
  2 dart slugs
  7 leopard geckos
  112 orcs
  11 bats
  3 giant cockroaches
  16 goblins
  A goblin (shapeshifter) (Vaults:5)
  5 hobgoblins
  12 jackals
  11 quokkas
  A ball python (D:7)
  6 frilled lizards
  A gnoll skeleton (Crypt:2)
  21 kobolds
  An orc zombie (Dis:7)
  A quokka skeleton (D:5)
  A quokka zombie (D:9)
  5 rats
  3 briar patches (Swamp:4)
  A crawling corpse (Vaults:5)
  A fungus (Lair:2)
  A starspawn tentacle (Abyss:3)
  3 tentacles (Coc:3)
3924 creatures vanquished.

Vanquished Creatures (collateral kills)
  A fire elemental (Hell)
  A crimson imp (D:14)
2 creatures vanquished.

Vanquished Creatures (others)
  A deep elf master archer (Elf:3)
  An eldritch tentacle (Coc:6)
  A draconian scorcher (Zot:5)
  An elemental wellspring (Coc:7)
  6 stone giants
  A red draconian (Zot:2)
  A blizzard demon (Coc:3)
  5 yaktaur captains
  3 centaur warriors
  A dancing weapon (Elf:2)
  2 hell hogs
  A spriggan druid (Swamp:4)
  3 deep elf archers
  A deep elf mage (Elf:1)
  An ugly thing (D:14)
  A cyclops (D:13)
  13 yaktaurs
  A hornet (Swamp:4)
  A blink frog (Abyss:3)
  A raiju (Abyss:3)
  3 flying skulls
  A spriggan (Swamp:4)
  4 humans (D:13)
  A large abomination (Abyss:3)
  A swamp worm (Swamp:3)
  2 swamp drakes
  An ogre (Vaults:3)
  3 centaurs
  A dwarf skeleton (Crypt:3)
  A shadow imp (Tar:2)
  2 white imps
  2 orcs
  A kobold (D:14)
  A briar patch (Swamp:4)
  20 fungi
  A lurking horror (Abyss:3)
  16 plants
  18 starspawn tentacles (Abyss:3)
  A tentacle (Coc:3)
126 creatures vanquished.

Grand Total: 4052 creatures vanquished

Notes
Turn   | Place    | Note
-------+----------+-------------------------------------------
     0 | D:1      | Edwin the Gnoll Fighter began the quest for the Orb.
     0 | D:1      | Reached XP level 1. HP: 23/23 MP: 1/1
   210 | D:1      | Reached XP level 2. HP: 29/29 MP: 2/2
   574 | D:2      | Reached XP level 3. HP: 28/35 MP: 3/3
   730 | D:2      | Noticed Jessica
   757 | D:2      | Killed Jessica
   757 | D:2      | Reached skill level 1 in Short Blades
   757 | D:2      | Reached skill level 1 in Long Blades
   757 | D:2      | Reached skill level 1 in Axes
   757 | D:2      | Reached skill level 1 in Polearms
   757 | D:2      | Reached skill level 1 in Staves
   757 | D:2      | Reached skill level 1 in Slings
   757 | D:2      | Reached skill level 1 in Bows
   757 | D:2      | Reached skill level 1 in Crossbows
   757 | D:2      | Reached skill level 1 in Throwing
   757 | D:2      | Reached skill level 1 in Dodging
   757 | D:2      | Reached skill level 1 in Stealth
   757 | D:2      | Reached skill level 1 in Unarmed Combat
   757 | D:2      | Reached skill level 1 in Spellcasting
   757 | D:2      | Reached skill level 1 in Invocations
   757 | D:2      | Reached skill level 1 in Evocations
   757 | D:2      | Reached XP level 4. HP: 18/41 MP: 5/5
   978 | D:2      | Found a bloodstained altar of Trog.
  1457 | D:3      | Reached skill level 1 in Conjurations
  1457 | D:3      | Reached skill level 1 in Hexes
  1457 | D:3      | Reached skill level 1 in Charms
  1457 | D:3      | Reached skill level 1 in Summonings
  1457 | D:3      | Reached skill level 1 in Necromancy
  1457 | D:3      | Reached skill level 1 in Translocations
  1457 | D:3      | Reached skill level 1 in Transmutations
  1457 | D:3      | Reached skill level 1 in Fire Magic
  1457 | D:3      | Reached skill level 1 in Ice Magic
  1457 | D:3      | Reached skill level 1 in Air Magic
  1457 | D:3      | Reached skill level 1 in Earth Magic
  1457 | D:3      | Reached skill level 1 in Poison Magic
  1492 | D:3      | Reached XP level 5. HP: 47/47 MP: 6/6
  1967 | D:3      | Found a glowing golden altar of the Shining One.
  1976 | D:3      | Found a basalt altar of Yredelemnul.
  1978 | D:3      | Noticed a profane servitor
  2024 | D:3      | Noticed a black bear
  2033 | D:3      | Killed a black bear
  2033 | D:3      | Reached skill level 2 in Invocations
  2033 | D:3      | Reached XP level 6. HP: 47/53 MP: 8/8
  2184 | D:3      | Noticed an angel
  2414 | D:4      | Reached skill level 5 in Maces & Flails
  2594 | D:4      | Noticed a phantom
  2947 | D:4      | Reached XP level 7. HP: 59/59 MP: 10/10
  3218 | D:4      | Found a shimmering altar of Xom.
  3275 | D:4      | Found a blossoming altar of Fedhas.
  3276 | D:4      | Noticed brujo666's ghost (amateur MiGl)
  3280 | D:4      | Found an opulent altar of Gozag.
  3406 | D:5      | Entered Level 5 of the Dungeon
  3472 | D:5      | Found a staircase to the Ecumenical Temple.
  3489 | Temple   | Entered the Ecumenical Temple
  3657 | Temple   | Became a worshipper of Warmaster Okawaru
  3705 | D:5      | Noticed Sigmund
  3732 | D:5      | Killed Sigmund
  3732 | D:5      | Reached skill level 3 in Invocations
  3732 | D:5      | Reached XP level 8. HP: 35/67 MP: 10/12
  4235 | D:5      | Found a sacrificial altar of Ru.
  4654 | D:5      | Reached * piety under Okawaru
  5142 | D:6      | Noticed a hornet
  5160 | D:5      | Killed a hornet
  5412 | D:5      | Reached skill level 4 in Invocations
  5432 | D:5      | Reached XP level 9. HP: 45/72 MP: 14/14
  5704 | D:6      | Found a shattered altar of Ashenzari.
  6064 | D:7      | Noticed Prince Ribbit
  6364 | D:7      | Reached ** piety under Okawaru
  6429 | D:7      | Noticed Duvessa
  6464 | D:7      | Noticed Dowan
  6500 | D:7      | Killed Dowan
  6531 | D:7      | Killed Duvessa
  6609 | D:7      | Found Hoasiyck's Armour Boutique.
  7083 | D:7      | Reached skill level 5 in Invocations
  7316 | D:8      | Noticed Execuda's ghost (novice DDFi)
  7701 | D:8      | Reached XP level 10. HP: 78/80 MP: 17/17
  8149 | D:8      | Killed Execuda's ghost
  8149 | D:8      | Reached skill level 5 in Short Blades
  8149 | D:8      | Reached skill level 5 in Long Blades
  8149 | D:8      | Reached skill level 5 in Axes
  8149 | D:8      | Reached skill level 5 in Polearms
  8149 | D:8      | Reached skill level 5 in Staves
  8149 | D:8      | Reached skill level 5 in Slings
  8149 | D:8      | Reached skill level 5 in Bows
  8149 | D:8      | Reached skill level 5 in Crossbows
  8149 | D:8      | Reached skill level 5 in Throwing
  8149 | D:8      | Reached skill level 5 in Dodging
  8149 | D:8      | Reached skill level 5 in Stealth
  8149 | D:8      | Reached skill level 5 in Unarmed Combat
  8149 | D:8      | Reached skill level 5 in Spellcasting
  8149 | D:8      | Reached skill level 5 in Evocations
  8239 | D:8      | Noticed Erica
  8383 | D:8      | Killed Erica
  8383 | D:8      | Reached *** piety under Okawaru
  8789 | D:8      | Noticed Psyche
  8823 | D:8      | Killed Psyche
  8823 | D:8      | Reached **** piety under Okawaru
  8823 | D:8      | Reached skill level 6 in Invocations
  8989 | D:7      | Bought the +1 large shield "Daleesop" {rF+ Str+2 Int+3 SInv} for 458 gold pieces
  9109 | D:8      | Found Acumneah's Assorted Antiques.
  9292 | D:9      | Noticed a two-headed ogre
  9306 | D:9      | Killed a two-headed ogre
  9306 | D:9      | Received a gift from Okawaru
  9499 | D:9      | Noticed a two-headed ogre
  9511 | D:9      | Killed a two-headed ogre
  9511 | D:9      | Reached XP level 11. HP: 47/87 MP: 19/19
  9693 | D:9      | Found a staircase to the Lair.
 10140 | D:9      | Reached skill level 5 in Conjurations
 10140 | D:9      | Reached skill level 5 in Hexes
 10140 | D:9      | Reached skill level 5 in Charms
 10140 | D:9      | Reached skill level 5 in Summonings
 10140 | D:9      | Reached skill level 5 in Necromancy
 10140 | D:9      | Reached skill level 5 in Translocations
 10140 | D:9      | Reached skill level 5 in Transmutations
 10140 | D:9      | Reached skill level 5 in Fire Magic
 10140 | D:9      | Reached skill level 5 in Ice Magic
 10140 | D:9      | Reached skill level 5 in Air Magic
 10140 | D:9      | Reached skill level 5 in Earth Magic
 10140 | D:9      | Reached skill level 5 in Poison Magic
 10213 | D:10     | Entered Level 10 of the Dungeon
 10825 | D:10     | Found a bloodstained altar of Trog.
 11109 | D:10     | Found a staircase to the Orcish Mines.
 11772 | D:11     | Noticed a centaur warrior
 11795 | D:11     | Killed a centaur warrior
 11805 | D:11     | Reached skill level 7 in Invocations
 12131 | D:11     | Received a gift from Okawaru
 12148 | D:11     | Noticed an eight-headed hydra
 12263 | Orc:1    | Entered Level 1 of the Orcish Mines
 12468 | Orc:1    | Noticed an orc warlord
 12506 | D:10     | Received a gift from Okawaru
 12581 | Lair:1   | Entered Level 1 of the Lair of Beasts
 12619 | D:9      | Reached ***** piety under Okawaru
 12628 | D:9      | Received a gift from Okawaru
 12790 | Lair:1   | Reached XP level 12. HP: 96/96 MP: 22/22
 13233 | Lair:1   | Noticed a seven-headed hydra
 13258 | Lair:1   | Killed a seven-headed hydra
 13319 | Lair:1   | Noticed a seven-headed hydra
 13327 | Lair:1   | Killed a four-headed hydra
 14306 | Lair:2   | Noticed a four-headed hydra
 14319 | Lair:2   | Killed a one-headed hydra
 14319 | Lair:2   | Received a gift from Okawaru
 14527 | Lair:2   | Found a hole to the Spider Nest.
 14561 | Lair:2   | Received a gift from Okawaru
 14660 | Lair:2   | Reached skill level 8 in Invocations
 15282 | Lair:3   | Noticed Sonja
 15293 | Lair:3   | Killed Sonja
 15662 | Lair:3   | Reached skill level 10 in Fighting
 15662 | Lair:3   | Reached skill level 10 in Armour
 15662 | Lair:3   | Reached skill level 10 in Shields
 16034 | Lair:4   | Reached XP level 13. HP: 67/103 MP: 24/24
 16180 | Lair:4   | Noticed Harold
 16185 | Lair:4   | You fall through a shaft!
 16221 | Lair:5   | Noticed Urug
 17058 | Lair:3   | Found a staircase to the Swamp.
 17997 | Lair:4   | Killed Harold
 17997 | Lair:4   | Received a gift from Okawaru
 18121 | Lair:4   | Noticed Snorg
 18135 | Lair:4   | Killed Snorg
 18589 | Lair:5   | Killed Urug
 19409 | Lair:5   | Reached skill level 9 in Invocations
 19457 | Lair:5   | Reached ****** piety under Okawaru
 19660 | Lair:5   | Received a gift from Okawaru
 19823 | Lair:6   | Entered Level 6 of the Lair of Beasts
 20269 | Lair:6   | Reached XP level 14. HP: 95/111 MP: 26/26
 20609 | Lair:6   | Reached skill level 10 in Maces & Flails
 20965 | Lair:6   | Received a gift from Okawaru
 21154 | Lair:6   | Received a gift from Okawaru
 21228 | Lair:6   | Found a viscous altar of Jiyva.
 21228 | Lair:6   | Found a staircase to the Slime Pits.
 21478 | Lair:6   | Reached skill level 10 in Invocations
 21580 | Lair:6   | Got a pair of ichor-stained boots
 21598 | Lair:6   | Identified the cursed +0 pair of boots "Iduiw" {rF+ MR+ Dex+4} (You found it on level 6 of the Lair of Beasts)
 22355 | Orc:1    | Killed an orc warlord
 22720 | Orc:1    | Received a gift from Okawaru
 22769 | Orc:2    | Entered Level 2 of the Orcish Mines
 22834 | Orc:2    | Found a staircase to the Elven Halls.
 23880 | Orc:2    | Gained mutation: Armour fits poorly on your strangely shaped body. [a neqoxec]
 23903 | Orc:2    | Noticed an orc warlord
 23945 | Orc:2    | Killed an orc warlord
 23945 | Orc:2    | Received a gift from Okawaru
 23945 | Orc:2    | Reached XP level 15. HP: 118/119 MP: 21/28
 24190 | Orc:2    | Found Teafougym's Antique Armour Emporium.
 24191 | Orc:2    | Found Uruth's Antique Weapon Shoppe.
 24192 | Orc:2    | Found Qiwidgh's General Store.
 24192 | Orc:2    | Found Oguepohozu's Jewellery Emporium.
 24208 | Orc:2    | Bought a polished plate armour for 924 gold pieces
 24208 | Orc:2    | Bought a pitted chain mail for 313 gold pieces
 24798 | Orc:2    | Identified the +3 plate armour of Entitlement {*Contam rF+ rCorr Int+6} (You bought it in a shop on level 2 of the Orcish Mines)
 24886 | Orc:2    | Identified the cursed +0 chain mail of Ytturut Xety {rPois MP+9} (You bought it in a shop on level 2 of the Orcish Mines)
 24988 | Elf:1    | Entered Level 1 of the Elven Halls
 25512 | Spider:1 | Entered Level 1 of the Spider Nest
 25877 | Spider:1 | Noticed an emperor scorpion
 25905 | Spider:1 | Killed an emperor scorpion
 26167 | Spider:1 | Noticed Josephine
 26173 | Spider:1 | Killed Josephine
 26440 | D:11     | Found Duffal's Antique Weapon Emporium.
 26804 | D:12     | Found a labyrinth entrance.
 26809 | Lab      | Entered a labyrinth
 28476 | Lab      | Got a pair of spiked boots
 28489 | Lab      | Identified the cursed +0 pair of boots "Oxzoede" {rElec rC+ Str-2} (You found it in a labyrinth)
 29865 | D:12     | Reached skill level 10 in Short Blades
 29865 | D:12     | Reached skill level 10 in Long Blades
 29865 | D:12     | Reached skill level 10 in Axes
 29865 | D:12     | Reached skill level 10 in Polearms
 29865 | D:12     | Reached skill level 10 in Staves
 29865 | D:12     | Reached skill level 10 in Slings
 29865 | D:12     | Reached skill level 10 in Bows
 29865 | D:12     | Reached skill level 10 in Crossbows
 29865 | D:12     | Reached skill level 10 in Throwing
 29865 | D:12     | Reached skill level 10 in Dodging
 29865 | D:12     | Reached skill level 10 in Stealth
 29865 | D:12     | Reached skill level 10 in Unarmed Combat
 29865 | D:12     | Reached skill level 10 in Spellcasting
 29865 | D:12     | Reached skill level 10 in Evocations
 30215 | D:13     | Received a gift from Okawaru
 30216 | D:13     | Found a gate to the Vaults.
 30329 | D:13     | Noticed Kirke
 30358 | D:13     | Killed Kirke
 30511 | D:13     | Found a snail-covered altar of Cheibriados.
 30584 | D:13     | Reached skill level 11 in Invocations
 31096 | D:14     | Found an opulent altar of Gozag.
 31179 | D:14     | Reached XP level 16. HP: 127/127 MP: 30/30
 31268 | D:14     | Got a brightly glowing scale mail
 31269 | D:14     | Identified the +2 scale mail of Paranoia {rF+ rC+} (You found it on level 14 of the Dungeon)
 31682 | D:15     | Entered Level 15 of the Dungeon
 31739 | D:15     | Got a crystal battleaxe
 31740 | D:15     | Identified the +5 battleaxe of Havoc {flame, rPois rF++} (You found it on level 15 of the Dungeon)
 31783 | D:15     | Found a shattered altar of Ashenzari.
 32129 | D:15     | Paralysed by a wizard for 4 turns
 32571 | D:15     | Received a gift from Okawaru
 32592 | D:15     | Found a staircase to the Depths.
 32732 | D:15     | Received a gift from Okawaru
 32736 | D:15     | Got a translucent arbalest {god gift}
 32737 | D:15     | Identified the +7 arbalest "Goluez" {flame, Str-2 Int+8 Dex+4 Stlth+} (Okawaru gifted it to you on level 15 of the Dungeon)
 34002 | Spider:1 | You fall through a shaft!
 34164 | Spider:2 | Noticed Arachne
 34721 | Spider:2 | Noticed Jorgrun
 35082 | Spider:2 | Noticed Azrael
 35090 | Spider:1 | Killed Azrael
 35232 | Spider:2 | Received a gift from Okawaru
 36306 | Spider:2 | Killed Arachne
 37126 | Spider:2 | Reached XP level 17. HP: 135/135 MP: 32/32
 37491 | Spider:3 | Reached skill level 12 in Invocations
 37865 | Spider:3 | Killed Jorgrun
 38216 | Spider:3 | Noticed Donald
 38229 | Spider:3 | Killed Donald
 38229 | Spider:3 | Received a gift from Okawaru
 40174 | Spider:4 | Entered Level 4 of the Spider Nest
 40898 | Spider:3 | Received a gift from Okawaru
 42956 | Spider:4 | Received a gift from Okawaru
 43138 | Spider:4 | Reached skill level 10 in Conjurations
 43138 | Spider:4 | Reached skill level 10 in Hexes
 43138 | Spider:4 | Reached skill level 10 in Charms
 43138 | Spider:4 | Reached skill level 10 in Summonings
 43138 | Spider:4 | Reached skill level 10 in Necromancy
 43138 | Spider:4 | Reached skill level 10 in Translocations
 43138 | Spider:4 | Reached skill level 10 in Transmutations
 43138 | Spider:4 | Reached skill level 10 in Fire Magic
 43138 | Spider:4 | Reached skill level 10 in Ice Magic
 43138 | Spider:4 | Reached skill level 10 in Air Magic
 43138 | Spider:4 | Reached skill level 10 in Earth Magic
 43138 | Spider:4 | Reached skill level 10 in Poison Magic
 43461 | Spider:4 | Reached XP level 18. HP: 139/143 MP: 0/33
 43477 | Spider:3 | Learned a level 3 spell: Mephitic Cloud
 43635 | Spider:4 | Received a gift from Okawaru
 43638 | Spider:4 | Got an ichor-stained hat {god gift}
 43671 | Spider:3 | Identified the +0 hat of the Snake Pit {rCorr Str+3 Int+2} (Okawaru gifted it to you on level 4 of the Spider Nest)
 43673 | Spider:3 | Learned a level 1 spell: Summon Butterflies
 43675 | Spider:3 | Learned a level 1 spell: Apportation
 43678 | Spider:3 | Learned a level 2 spell: Swiftness
 45030 | Spider:4 | Got a gossamer rune of Zot
 45331 | Swamp:1  | Entered Level 1 of the Swamp
 46965 | Swamp:3  | Reached skill level 13 in Invocations
 47773 | Swamp:3  | Noticed Bai Suzhen
 48184 | Vaults:1 | Entered Level 1 of the Vaults
 48198 | Vaults:1 | Received a gift from Okawaru
 49780 | Vaults:2 | Reached XP level 19. HP: 132/151 MP: 35/35
 50059 | Vaults:2 | Received a gift from Okawaru
 50236 | Vaults:2 | Received a gift from Okawaru
 51217 | Vaults:3 | Noticed Margery
 51362 | Vaults:3 | Killed Margery
 51400 | Vaults:3 | Found a staircase to the Crypt.
 51909 | Vaults:3 | Received a gift from Okawaru
 52749 | Vaults:3 | Reached XP level 20. HP: 84/159 MP: 22/36
 52984 | Vaults:2 | Reached skill level 14 in Invocations
 53008 | Vaults:3 | HP: 5/159 [frost giant/bolt of cold (26)]
 55656 | Vaults:4 | Received a gift from Okawaru
 55994 | Vaults:4 | Found Ufewke's Antique Weapon Boutique.
 56766 | Vaults:4 | Got a transparent scale mail
 56767 | Vaults:4 | Identified the cursed +0 scale mail "Mipica" {+Blink rPois rCorr Dex-3} (You found it on level 4 of the Vaults)
 57892 | Elf:1    | Reached XP level 21. HP: 140/166 MP: 31/38
 58619 | Elf:1    | Found Jozonk's General Store.
 59226 | Elf:2    | Received a gift from Okawaru
 59999 | Elf:2    | Found a huge runed gate.
 59999 | Elf:2    | Found a huge runed gate.
 60000 | Elf:2    | Found a huge runed gate.
 60002 | Elf:2    | Found a huge runed gate.
 60003 | Elf:2    | Found a huge runed gate.
 60459 | Elf:2    | Reached skill level 15 in Fighting
 60459 | Elf:2    | Reached skill level 15 in Armour
 60459 | Elf:2    | Reached skill level 15 in Shields
 60655 | Elf:3    | Entered Level 3 of the Elven Halls
 60970 | Elf:3    | Reached skill level 15 in Invocations
 61105 | Elf:3    | Found the amulet of Vitality {Regen+ HP+15}
 61284 | Elf:3    | Received a gift from Okawaru
 62290 | Elf:3    | Found Xunn's Distillery.
 62298 | Elf:3    | Bought a potion of heal wounds for 100 gold pieces
 62298 | Elf:3    | Bought a potion of curing for 60 gold pieces
 62298 | Elf:3    | Bought a potion of magic for 160 gold pieces
 62298 | Elf:3    | Bought a potion of curing for 60 gold pieces
 62298 | Elf:3    | Bought a potion of curing for 60 gold pieces
 62298 | Elf:3    | Bought a potion of curing for 60 gold pieces
 62298 | Elf:3    | Bought a potion of curing for 60 gold pieces
 62382 | Elf:3    | Reached XP level 22. HP: 165/175 MP: 40/40
 62658 | Elf:3    | Received a gift from Okawaru
 62700 | Elf:3    | Got a jacinth-encrusted scale mail {god gift}
 62701 | Elf:3    | Identified the +0 scale mail of Igagady {MR+ MP+9 Int+9 Dex-5} (Okawaru gifted it to you on level 3 of the Elven Halls)
 62748 | Elf:3    | Got an uncursed scorched flail {crush}
 63283 | Swamp:3  | Killed Bai Suzhen
 64401 | Swamp:4  | Entered Level 4 of the Swamp
 65431 | Swamp:4  | Got a decaying rune of Zot
 65756 | Swamp:4  | Reached skill level 15 in Maces & Flails
 66235 | Depths:1 | Entered Level 1 of the Depths
 66236 | Depths:1 | Upgraded the game from 0.22-a0-304-gc4e68a00b7 to 0.22-a0-305-gd21a89c538
 67014 | Depths:1 | Received a gift from Okawaru
 67316 | Depths:1 | Received a gift from Okawaru
 67321 | Depths:1 | Got a smoking cloak {god gift}
 67332 | Depths:1 | Identified the +2 cloak of Time Monsters {rElec Regen+ Dex-4} (Okawaru gifted it to you on level 1 of the Depths)
 68536 | Depths:1 | Found a gateway to Hell.
 68719 | Depths:1 | Found a one-way gate leading to the halls of Pandemonium.
 68919 | Depths:2 | Reached XP level 23. HP: 129/183 MP: 41/41
 69824 | Depths:2 | Received a gift from Okawaru
 70073 | Depths:1 | Reached skill level 16 in Invocations
 71785 | Depths:2 | Noticed Mandevil's ghost (veteran HuFi)
 71837 | Depths:2 | Killed Mandevil's ghost
 72188 | Depths:2 | Reached skill level 15 in Short Blades
 72188 | Depths:2 | Reached skill level 15 in Long Blades
 72188 | Depths:2 | Reached skill level 15 in Axes
 72188 | Depths:2 | Reached skill level 15 in Polearms
 72188 | Depths:2 | Reached skill level 15 in Staves
 72188 | Depths:2 | Reached skill level 15 in Slings
 72188 | Depths:2 | Reached skill level 15 in Bows
 72188 | Depths:2 | Reached skill level 15 in Crossbows
 72188 | Depths:2 | Reached skill level 15 in Throwing
 72188 | Depths:2 | Reached skill level 15 in Dodging
 72188 | Depths:2 | Reached skill level 15 in Stealth
 72188 | Depths:2 | Reached skill level 15 in Unarmed Combat
 72188 | Depths:2 | Reached skill level 15 in Spellcasting
 72188 | Depths:2 | Reached skill level 15 in Evocations
 73816 | Depths:3 | Found Eggih's General Store.
 73901 | Depths:3 | Received a gift from Okawaru
 73917 | Depths:3 | Noticed a golden dragon
 73945 | Depths:2 | Killed a golden dragon
 74051 | Depths:3 | Received a gift from Okawaru
 74052 | Depths:3 | Noticed a caustic shrike
 74988 | Crypt:1  | Entered Level 1 of the Crypt
 76144 | Crypt:1  | Reached XP level 24. HP: 121/191 MP: 42/42
 77137 | Crypt:1  | Received a gift from Okawaru
 78329 | Crypt:2  | Received a gift from Okawaru
 78427 | Crypt:3  | Entered Level 3 of the Crypt
 79200 | Crypt:3  | Noticed a greater mummy
 79589 | Crypt:2  | Killed a greater mummy
 79589 | Crypt:2  | Received a gift from Okawaru
 82154 | Spider:4 | Lost mutation: Armour fits poorly on your strangely shaped body. [potion of mutation]
 82154 | Spider:4 | Gained mutation: Your magical capacity is low. (-10% MP) [potion of mutation]
 82154 | Spider:4 | Gained mutation: Potions are less effective at restoring your health. [potion of mutation]
 82154 | Spider:4 | Gained mutation: You do not regenerate when monsters are visible. [potion of mutation]
 82154 | Spider:4 | Gained mutation: Your muscles are strong. (Str +2) [potion of mutation]
 82155 | Spider:4 | Lost mutation: Your magical capacity is low. (-10% MP) [potion of mutation]
 82155 | Spider:4 | Lost mutation: Your muscles are strong. (Str +2) [potion of mutation]
 82155 | Spider:4 | Gained mutation: Armour fits poorly on your strangely shaped body. [potion of mutation]
 82155 | Spider:4 | Gained mutation: You are clumsy. (Dex -2) [potion of mutation]
 82155 | Spider:4 | Gained mutation: You have sharp fingernails. [potion of mutation]
 82155 | Spider:4 | Gained mutation: Your muscles are strong. (Str +2) [potion of mutation]
 82156 | Spider:4 | Lost mutation: Your muscles are strong. (Str +2) [potion of mutation]
 82156 | Spider:4 | Lost mutation: You are clumsy. (Dex -2) [potion of mutation]
 82156 | Spider:4 | Lost mutation: Armour fits poorly on your strangely shaped body. [potion of mutation]
 82156 | Spider:4 | Lost mutation: You have sharp fingernails. [potion of mutation]
 82156 | Spider:4 | Gained mutation: Your mind is acute. (Int +2) [potion of mutation]
 82156 | Spider:4 | Gained mutation: You expend magic power (3 MP) to strengthen your wands. [potion of mutation]
 82156 | Spider:4 | Gained mutation: You can translocate small distances at will. [potion of mutation]
 82157 | Spider:4 | Lost mutation: You do not regenerate when monsters are visible. [potion of mutation]
 82157 | Spider:4 | Lost mutation: Your mind is acute. (Int +2) [potion of mutation]
 82157 | Spider:4 | Gained mutation: Your body sometimes deteriorates upon taking damage. [potion of mutation]
 82157 | Spider:4 | Gained mutation: You are agile. (Dex +2) [potion of mutation]
 82157 | Spider:4 | Gained mutation: Your mind is acute. (Int +2) [potion of mutation]
 82157 | Spider:4 | Gained mutation: You are resistant to hostile enchantments. (MR+) [potion of mutation]
 82490 | Depths:2 | Received a gift from Okawaru
 82672 | Depths:2 | Learned a level 5 spell: Summon Forest
 83119 | Depths:3 | Killed a caustic shrike
 83270 | Depths:3 | Found a gateway to a ziggurat.
 83293 | Depths:3 | Got a fine scale mail
 83294 | Depths:3 | Identified the cursed +1 scale mail "Tashrougi" {+Blink rF- Str+3} (You found it on level 3 of the Depths)
 83296 | Depths:3 | Identified the +2 flail of the Big Fish {crush, Int+2} (You took it off a deep elf knight on level 3 of the Elven Halls)
 83838 | Depths:4 | Received a gift from Okawaru
 84185 | Depths:4 | Reached skill level 17 in Invocations
 84270 | Depths:4 | Reached XP level 25. HP: 113/196 MP: 39/42
 84897 | Depths:4 | Found a corrupted altar of Lugonu.
 84898 | Depths:4 | Found a one-way gate to the infinite horrors of the Abyss.
 85575 | Depths:4 | Received a gift from Okawaru
 86042 | Depths:5 | Entered Level 5 of the Depths
 86046 | Depths:5 | Noticed a juggernaut
 86851 | Depths:5 | Identified a scroll of acquirement
 86851 | Depths:5 | Found Ihulyo's Magic Scroll Emporium.
 86851 | Depths:5 | Found Asiulang's Jewellery Shoppe.
 86870 | Depths:5 | Bought a scroll of teleportation for 54 gold pieces
 86870 | Depths:5 | Bought a scroll of enchant weapon for 135 gold pieces
 86870 | Depths:5 | Bought a scroll of teleportation for 54 gold pieces
 87020 | Depths:5 | Found a gate to the Realm of Zot.
 87182 | Depths:3 | Got a heavily runed copper ring
 87185 | Depths:3 | Identified the ring "Xyle" {EV+2 Str+4 Int+4 Dex+2 SInv} (You acquired it on level 3 of the Depths)
 87447 | Depths:5 | Killed a juggernaut
 87610 | Depths:5 | Found a glowing golden altar of the Shining One.
 87715 | Depths:5 | Received a gift from Okawaru
 87776 | Depths:5 | Got a pitted demon whip {elec}
 87777 | Depths:5 | Identified the +10 demon whip "Orb Guardian's Curse" {elec, rC+ Int+2} (You took it off a crimson imp on level 5 of the Depths)
 88033 | Depths:5 | Received a gift from Okawaru
 88612 | Slime:1  | Entered Level 1 of the Pits of Slime
 89108 | Hell     | Entered the Vestibule of Hell
 89127 | Hell     | Received a gift from Okawaru
 89491 | Hell     | Received a gift from Okawaru
 89598 | Hell     | Noticed Geryon
 90019 | Depths:1 | Reached XP level 26. HP: 204/204 MP: 43/43
 90336 | Hell     | Noticed Murray
 90606 | Depths:1 | Killed Murray
 91455 | Hell     | Killed Geryon
 91583 | Hell     | Received a gift from Okawaru
 91726 | Hell     | Found a gateway to the freezing wastes of Cocytus.
 91814 | Hell     | Found a gateway to the decaying netherworld of Tartarus.
 92324 | Hell     | Found a gateway to the ashen valley of Gehenna.
 92393 | Hell     | Found a gateway to the Iron City of Dis.
 93271 | Slime:1  | Lost mutation: Your mind is acute. (Int +2) [a shining eye]
 94193 | Slime:2  | Reached skill level 18 in Invocations
 94555 | Slime:3  | Gained mutation: Your body often deteriorates upon taking damage. [a shining eye]
 94768 | Slime:5  | Entered Level 5 of the Pits of Slime
 94806 | Slime:5  | Received a gift from Okawaru
 95133 | Slime:5  | Paralysed by a floating eye for 4 turns
 95151 | Slime:4  | Paralysed by a floating eye for 2 turns
 95161 | Slime:4  | Paralysed by a floating eye for 2 turns
 95512 | Slime:5  | Noticed the Royal Jelly
 95743 | Slime:5  | Killed the Royal Jelly
 95763 | Slime:4  | HP: 4/211 [acid[the Royal Jelly] (7)]
 97124 | Slime:5  | Got a slimy rune of Zot
 97197 | Slime:5  | Got a faintly humming helmet
 97204 | Slime:5  | Identified the -1 helmet of Dogesepp {rPois rF+ rN+ Dex-5} (You found it on level 5 of the Pits of Slime)
 98271 | Zot:1    | Entered Level 1 of the Realm of Zot
 98273 | Zot:1    | Reached XP level 27. HP: 216/216 MP: 43/43
 98296 | Zot:1    | Received a gift from Okawaru
 99365 | Zot:1    | Upgraded the game from 0.22-a0-305-gd21a89c538 to 0.22-a0-322-g60b3cfd402
100740 | Zot:3    | Reached skill level 15 in Necromancy
101032 | Zot:3    | Received a gift from Okawaru
101915 | Zot:3    | Reached skill level 15 in Conjurations
101915 | Zot:3    | Reached skill level 15 in Hexes
101915 | Zot:3    | Reached skill level 15 in Charms
101915 | Zot:3    | Reached skill level 15 in Summonings
101915 | Zot:3    | Reached skill level 15 in Translocations
101915 | Zot:3    | Reached skill level 15 in Transmutations
101915 | Zot:3    | Reached skill level 15 in Fire Magic
101915 | Zot:3    | Reached skill level 15 in Ice Magic
101915 | Zot:3    | Reached skill level 15 in Air Magic
101915 | Zot:3    | Reached skill level 15 in Earth Magic
101915 | Zot:3    | Reached skill level 15 in Poison Magic
101952 | Zot:3    | HP: 10/218 [poison (poison gas)]
101957 | Zot:3    | HP: 8/218 [poison (poison gas)]
101962 | Zot:3    | HP: 6/218 [poison (poison gas)]
101967 | Zot:3    | HP: 6/218 [poison (poison gas)]
101972 | Zot:3    | HP: 7/218 [poison (poison gas)]
101980 | Zot:3    | HP: 8/218 [poison (poison gas)]
102947 | Zot:3    | Received a gift from Okawaru
103248 | Zot:4    | Received a gift from Okawaru
103585 | Zot:4    | Received a gift from Okawaru
104162 | Zot:5    | Entered Level 5 of the Realm of Zot
104167 | Zot:5    | Got a faintly glowing lead amulet
104168 | Zot:5    | Identified the amulet of Darkness {RegenMP Int+3} (You acquired it on level 5 of the Realm of Zot)
104248 | Zot:5    | Received a gift from Okawaru
104251 | Zot:5    | Got a brightly glowing helmet {god gift}
104252 | Zot:5    | Identified the +0 helmet of the Louse {rElec rF- Regen+ Dex-4} (Okawaru gifted it to you on level 5 of the Realm of Zot)
105057 | Zot:5    | Reached skill level 19 in Invocations
105175 | Zot:5    | Learned a level 6 spell: Deflect Missiles
105332 | Zot:5    | Learned a level 5 spell: Borgnjor's Vile Clutch
105483 | Depths:4 | Voluntarily entered the Abyss.
107070 | Abyss:3  | Gained mutation: Scrolls take you a little longer to read. [a shining eye]
107141 | Abyss:3  | Found a glowing golden altar of the Shining One.
107214 | Abyss:3  | Noticed a juggernaut
107224 | Abyss:3  | Killed a juggernaut
107224 | Abyss:3  | Received a gift from Okawaru
107231 | Abyss:3  | Got an abyssal rune of Zot
107451 | Abyss:3  | Found a corrupted altar of Lugonu.
107601 | Abyss:3  | Received a gift from Okawaru
107823 | Depths:4 | Escaped the Abyss
107831 | Depths:4 | Learned a level 6 spell: Invisibility
108142 | Vaults:5 | Entered Level 5 of the Vaults
108276 | Vaults:5 | Noticed an ancient lich
108349 | Vaults:4 | Killed an ancient lich
108899 | Vaults:4 | Received a gift from Okawaru
109292 | Vaults:5 | Got a fine rapier {holy}
109329 | Vaults:5 | Noticed an ancient lich
109345 | Vaults:5 | Killed an ancient lich
109732 | Vaults:5 | Identified the +7 rapier of the Pit {holy, Stlth+} (You took it off a vault warden on level 5 of the Vaults)
109748 | Vaults:5 | Got a scorched chain mail
109751 | Vaults:5 | Identified the +6 chain mail "Meylea Coneo" {rN+ Int-3 SInv} (You found it on level 5 of the Vaults)
109926 | Vaults:5 | Noticed Boris
109948 | Vaults:5 | Killed Boris
109948 | Vaults:5 | Reached skill level 20 in Invocations
110362 | Vaults:5 | Got a fine wooden ring
110367 | Vaults:5 | Identified the ring "Yfuare" {rElec rF+ Int+8 Slay-3} (You found it on level 5 of the Vaults)
110546 | Vaults:5 | Received a gift from Okawaru
110634 | Vaults:5 | Got a silver rune of Zot
110994 | Geh:1    | Entered Level 1 of Gehenna
111035 | Tar:1    | Entered Level 1 of Tartarus
111093 | Dis:1    | Entered Level 1 of the Iron City of Dis
111499 | Dis:2    | Received a gift from Okawaru
111928 | Dis:2    | Received a gift from Okawaru
112773 | Dis:3    | You fall through a shaft!
113588 | Dis:7    | Entered Level 7 of the Iron City of Dis
113879 | Dis:7    | Received a gift from Okawaru
114746 | Hell     | Learned a level 6 spell: Statue Form
115610 | Dis:7    | Received a gift from Okawaru
115942 | Dis:7    | Found the +3 robe of Clouds {+Fly rElec}
116154 | Dis:7    | Got a heavily runed jade ring
116194 | Dis:7    | Noticed Dispater
116444 | Dis:7    | Killed Dispater
116472 | Dis:7    | Got an iron rune of Zot
116634 | Dis:7    | Got a crystal hand crossbow
116637 | Dis:7    | Identified the +5 hand crossbow of Zuocul {flame, +Inv Str+7} (You found it on level 7 of the Iron City of Dis)
116639 | Dis:7    | Identified the ring of Immorality {rElec rF+ rC+} (You took it off an iron imp on level 7 of the Iron City of Dis)
116815 | Dis:7    | Got a warped iron ring
116818 | Dis:7    | Identified the ring of the Shrike {MP+9 Stlth+} (You found it on level 7 of the Iron City of Dis)
116892 | Dis:7    | Received a gift from Okawaru
116936 | Dis:7    | Reached skill level 21 in Invocations
117293 | Dis:7    | Identified Cadd's Almanac of Noxious Combat Magic
117686 | Coc:1    | Entered Level 1 of Cocytus
117700 | Coc:1    | Received a gift from Okawaru
117945 | Coc:2    | Received a gift from Okawaru
118470 | Coc:5    | Received a gift from Okawaru
118724 | Coc:1    | Gained mutation: You are highly resistant to hostile enchantments. (MR++) [mutagenic glow]
118802 | Coc:2    | Gained mutation: You are frail. (-10% HP) [mutagenic glow]
119540 | Coc:6    | Gained mutation: You tend to lose your temper in combat. [mutagenic glow]
119604 | Coc:7    | Entered Level 7 of Cocytus
119861 | Coc:3    | Received a gift from Okawaru
120177 | Coc:7    | Noticed the Serpent of Hell
120205 | Hell     | Killed the Serpent of Hell
120355 | Hell     | Upgraded the game from 0.22-a0-322-g60b3cfd402 to 0.22-a0-348-gd16d1391c7
120975 | Hell     | Lost mutation: You are highly resistant to hostile enchantments. (MR++) [potion of mutation]
120975 | Hell     | Lost mutation: You tend to lose your temper in combat. [potion of mutation]
120975 | Hell     | Lost mutation: You are agile. (Dex +2) [potion of mutation]
120975 | Hell     | Lost mutation: Scrolls take you a little longer to read. [potion of mutation]
120975 | Hell     | Gained mutation: Armour fits poorly on your strangely shaped body. [potion of mutation]
120975 | Hell     | Lost mutation: Armour fits poorly on your strangely shaped body. [potion of mutation]
120975 | Hell     | Gained mutation: You are partially covered in molten scales. (AC +2) [potion of mutation]
121283 | Coc:4    | Received a gift from Okawaru
121474 | Coc:6    | Received a gift from Okawaru
121881 | Coc:7    | Received a gift from Okawaru
121957 | Coc:7    | Received a gift from Okawaru
122083 | Coc:7    | Reached skill level 22 in Invocations
122873 | Coc:7    | HP: 8/211 [Ice Fiend/bolt of cold (6)]
123182 | Tar:1    | Received a gift from Okawaru
123810 | Tar:1    | Learned a level 1 spell: Flame Tongue
124579 | Tar:7    | Entered Level 7 of Tartarus
124586 | Tar:7    | Received a gift from Okawaru
124932 | Tar:7    | Paralysed by an eldritch tentacle for 6 turns
125031 | Tar:7    | Received a gift from Okawaru
125035 | Tar:7    | Killed from afar by a death drake

Vault maps used:
D:1:      evilmike_arrival_rings
D:2:      overflow_temple_1_default, uniq_jessica
D:3:      grunt_temple_overflow_holy_war, minmay_misc_feat_iff,
          kennysheep_generic_room_7
D:4:      nicolae_overflow_hidden_temple, first_ration, minmay_ogre_servants
D:5:      nicolae_ru_awakened_eye, minmay_temple_entry_purple_smoke,
          uniq_sigmund
D:6:      kennysheep_mini
D:7:      serial_shops, shop_fountains, uniq_prince_ribbit1, uniq_duvessa
D:8:      serial_shops, shop_statue, uniq_psyche, uniq_erica
D:9:      lair_entry_dummy, the_bakery
D:10:     orc_0_dummy, trog_ov_bears_minmay
D:11:     serial_shops, nicolae_shop_crystal, hex_medium
D:12:     lab_entry_generic, minmay_another_anthill
D:13:     erik_vaults_1, basic_altar, minmay_checkerbox, uniq_kirke
D:14:     serial_glass, glass_columns_a, glass_columns_a,
          minmay_misc_feat_roman, basic_altar
D:15:     grunt_enter_depths_magical_seal, nicolae_benzene_ring, basic_altar
Temple:   nicolae_temple_figure_eight
Lair:1:   infiniplex_staircase_pool_2
Lair:2:   nicolae_spider_entry_non_spiders, lemuel_fruit_tree,
          infiniplex_staircase_pool, grunt_megastairs_5
Lair:3:   minmay_swamp_entry_eels, uniq_sonja
Lair:4:   grunt_forest_small_clearings, grunt_megastairs_4, uniq_harold,
          uniq_snorg
Lair:5:   kb_forest_paths, uniq_urug
Lair:6:   gammafunk_lair_ancient_temple, slime_altar_1,
          portal_ice_cave_entry_ice_beasts, patterned_corridor
Swamp:1:  nicolae_swamp_round_clearing
Swamp:2:  hangedman_swamp_pad, swamp_pool5
Swamp:3:  evilmike_swamp_ruin_house_1, uniq_bai_suzhen
Swamp:4:  swamp, swamp_pool3
Spider:1: hangedman_spider_tarantella_strand, uniq_josephine
Spider:2: hangedman_spider_trapstep, uniq_arachne, uniq_jorgrun, uniq_azrael
Spider:3: spider_trap, uniq_donald
Spider:4: guppyfry_spider_rune
Orc:1:    minmay_orc_keep
Orc:2:    st_orc_congregation, mines3_lemuel
Elf:1:    elf_arrival_001, serial_shops, shop, hangedman_elf_represent
Elf:3:    minmay_elf_hall_dome, serial_shops, shop, grunt_ministairs_6
Vaults:1: st_cross, grunt_vaults_focal, v_misc_2, v_misc_24, v_misc_19,
          vaults_room_grunt_arrival_ludios, v_pattern_2, vaults_room_pools,
          nicolae_vaults_little_squares_4, v_misc_1, hangedman_vaults_snaps,
          vaults_room_fours, serial_glass
Vaults:2: grunt_vaults_twisty, vaults_room_fancy_cross, hangedman_vaults_nodes,
          hangedman_vaults_corner, ontoclasm_vaults_ring_square, v_misc_2,
          v_misc_14, vaults_room_corners, nicolae_vaults_shelves_hall,
          nicolae_vaults_mini_display_case, ontoclasm_vaults_idyll,
          nicolae_vaults_little_squares_6, nicolae_vaults_statue_guard
Vaults:3: minmay_crypt_entry_simple_sparse, st_eye, v_alt_pattern_2,
          ontoclasm_vaults_pinch, vaults_room_grid,
          nicolae_vaults_little_squares_4, ontoclasm_vaults_decontamination,
          vaults_dpeg_diagonal, vaults_room_stairs_pillars, v_alt_pattern_2,
          uniq_margery
Vaults:4: v_misc_12, vaults_room_fours, ontoclasm_vaults_twist, v_rooms_5,
          dpeg_vaults_monster_box, v_misc_1, ontoclasm_vaults_eye, v_misc_15,
          nicolae_vaults_little_ls, vaults_room_hallway, grunt_vaults_bifocal,
          serial_shops, shop
Vaults:5: serial_shops, uniq_boris
Crypt:2:  nrook_guardian_serpent_ordinary, roderic_lattice_octagonal_star,
          grunt_megastairs_3
Crypt:3:  due_elkab, tomb_entry_shell_bobbens
Depths:1: grunt_metal_band, grunt_pan_entry_zigzag, serial_corexii_hall,
          corexii_hall_statues_x, corexii_hall_statues_t,
          kennysheep_just_a_vault
Depths:2: minmay_two_paths, minivault_14, hell_entry, grunt_decor_cap,
          hangedman_cracks_in_the_wall, infiniplex_staircase_zigzag_3
Depths:3: hangedman_arch_fort, enter_ziggurat_a, serial_shops, shop,
          rand_demon_pan_entry_5, pf_coc_iceberg, minmay_misc_feat_doors,
          infiniplex_staircase_spiral
Depths:4: minmay_stepped, minmay_tree_intersection, hell_entry,
          abyss_entry_flame_altar
Depths:5: evilmike_zot_entry_diamond, hellmouth_1, pan_entry, tso_altar,
          eino_curves_04, minmay_shoptagon
Dis:4:    lemuel_elevator
Dis:7:    iron_city_of_dis
Coc:7:    coc_dpeg
Tar:3:    lemuel_elevator
Tar:4:    nicolae_tar_cuneiform_to_be, nicolae_tar_cuneiform_bread,
          nicolae_tar_cuneiform_two, door_vault
Tar:5:    hangedman_snap_crack_crunch
Tar:6:    nicolae_tar_cuneiform_not
Tar:7:    tar_mu
Zot:3:    guppyfry_library_mini
Zot:4:    bh_zot_levy_curve, st_stairs_14, grunt_ministairs_13
Zot:5:    basic_stair_grate_trap
Abyss:2:  minivault_23
Lab:      nicolae_lab_x

Skill      XL: |  1  2  3  4  5  6  7  8  9 10 11 12 13 14 15 16 17 18 19 20 21 22 23 24 25 26 27 |
---------------+----------------------------------------------------------------------------------+-----
Short Blades   | 1 2 3 4 5 6 7 8 9 10 11 12 13 14 15 16 21 | 21.0
Long Blades    | 1 2 3 4 5 6 7 8 9 10 11 12 13 14 15 16 21 | 21.0
Axes           | 1 2 3 4 5 6 7 8 9 10 11 12 13 14 15 16 21 | 21.0
Polearms       | 1 2 3 4 5 6 7 8 9 10 11 12 13 14 15 16 21 | 21.0
Staves         | 1 2 3 4 5 6 7 8 9 10 11 12 13 14 15 16 21 | 21.0
Slings         | 1 2 3 4 5 6 7 8 9 10 11 12 13 14 15 16 21 | 21.0
Bows           | 1 2 3 4 5 6 7 8 9 10 11 12 13 14 15 16 21 | 21.0
Crossbows      | 1 2 3 4 5 6 7 8 9 10 11 12 13 14 15 16 21 | 21.0
Throwing       | 1 2 3 4 5 6 7 8 9 10 11 12 13 14 15 16 21 | 21.0
Dodging        | 1 2 3 4 5 6 7 8 9 10 11 12 13 14 15 16 21 | 21.0
Stealth        | 1 2 3 4 5 6 7 8 9 10 11 12 13 14 15 16 21 | 21.0
Unarmed Combat | 1 2 3 4 5 6 7 8 9 10 11 12 13 14 15 16 21 | 21.0
Spellcasting   | 1 2 3 4 5 6 7 8 9 10 11 12 13 14 15 16 21 | 21.0
Invocations    | 1 2 3 4 5 6 7 8 9 10 11 12 13 14 15 16 17 18 22 | 22.5
Evocations     | 1 2 3 4 5 6 7 8 9 10 11 12 13 14 15 16 21 | 21.0
Conjurations   | 1 2 3 4 5 6 7 8 9 10 11 12 13 14 18 | 18.2
Hexes          | 1 2 3 4 5 6 7 8 9 10 11 12 13 14 18 | 18.2
Charms         | 1 2 3 4 5 6 7 8 9 10 11 12 13 14 18 | 18.2
Summonings     | 1 2 3 4 5 6 7 8 9 10 11 12 13 14 18 | 18.2
Necromancy     | 1 2 3 4 5 6 7 8 9 10 11 12 13 14 20 | 20.9
Translocations | 1 2 3 4 5 6 7 8 9 10 11 12 13 14 18 | 18.2
Transmutations | 1 2 3 4 5 6 7 8 9 10 11 12 13 14 18 | 18.2
Fire Magic     | 1 2 3 4 5 6 7 8 9 10 11 12 13 14 18 | 18.2
Ice Magic      | 1 2 3 4 5 6 7 8 9 10 11 12 13 14 18 | 18.2
Air Magic      | 1 2 3 4 5 6 7 8 9 10 11 12 13 14 18 | 18.2
Earth Magic    | 1 2 3 4 5 6 7 8 9 10 11 12 13 14 18 | 18.2
Poison Magic   | 1 2 3 4 5 6 7 8 9 10 11 12 13 14 18 | 18.2
Maces & Flails | 5 6 7 8 9 10 11 12 13 14 15 16 17 21 | 21.3
Fighting       | 7 8 9 10 11 12 13 14 15 16 17 21 | 21.6
Armour         | 7 8 9 10 11 12 13 14 15 16 17 21 | 21.6
Shields        | 7 8 9 10 11 12 13 14 15 16 17 21 | 21.6

Action                   |  1- 3 |  4- 6 |  7- 9 | 10-12 | 13-15 | 16-18 | 19-21 | 22-24 | 25-27 || total
-------------------------+-------+-------+-------+-------+-------+-------+-------+-------+-------++-------
Melee: Flail             |   109 |    92 |       |       |       |       |       |       |       ||   201
       Bite              |    12 |    21 |    56 |   125 |   248 |   296 |   292 |   486 |  1769 ||  3305
       Morningstar       |       |   118 |   481 |    68 |       |       |       |       |       ||   667
       Scimitar          |       |       |       |   561 |   120 |    37 |       |    81 |       ||   799
       Double sword      |       |       |       |       |  1196 |  1456 |  1467 |  1946 |   369 ||  6434
       Unarmed           |       |       |       |       |     7 |       |       |       |       ||     7
       Battleaxe         |       |       |       |       |       |    67 |       |       |       ||    67
       Demon whip        |       |       |       |       |       |       |       |       |  7736 ||  7736
       Punch             |       |       |       |       |       |       |       |       |    65 ||    65
 Fire: Arbalest          |       |       |       |     7 |       |    25 |       |    18 |   133 ||   183
       Hand crossbow     |       |       |       |       |    40 |   410 |   212 |   310 |   548 ||  1520
 Cast: Statue Form       |       |       |       |       |       |       |       |       |    65 ||    65
       Deflect Missiles  |       |       |       |       |       |       |       |       |     4 ||     4
       Invisibility      |       |       |       |       |       |       |       |       |     1 ||     1
       Flame Tongue      |       |       |       |       |       |       |       |       |     1 ||     1
Invok: Heroism           |       |       |       |     3 |     3 |     4 |     3 |     5 |    12 ||    30
       Finesse           |       |       |       |       |     3 |     4 |     3 |     6 |    21 ||    37
 Abil: Blink             |       |       |       |       |       |       |       |       |     1 ||     1
Evoke: Wand              |       |       |       |       |    18 |     1 |     3 |       |     2 ||    24
       Horn of Geryon    |       |       |       |       |       |       |       |       |     1 ||     1
  Use: Scroll            |       |       |       |    24 |     9 |    10 |     7 |    11 |    29 ||    90
       Potion            |       |       |       |     1 |     7 |     9 |     3 |    18 |    16 ||    54
 Stab: Sleeping          |       |       |     3 |    12 |     5 |       |     1 |     2 |    23 ||    46
       Distracted        |       |       |       |       |     5 |       |     2 |     2 |    10 ||    19
       Petrified         |       |       |       |       |     7 |       |       |       |       ||     7
       Petrifying        |       |       |       |       |     2 |       |       |       |       ||     2
       Invisible         |       |       |       |       |       |     4 |       |       |     2 ||     6
       Confused          |       |       |       |       |       |       |       |     2 |       ||     2
  Eat: Chunk             |       |     6 |    16 |    25 |    40 |    24 |    41 |    29 |    43 ||   224
       Ration            |       |       |       |     1 |     3 |    11 |       |    13 |    31 ||    59
Armor: Scale mail        |    31 |    84 |   115 |   138 |   182 |       |       |       |       ||   550
       Plate armour      |       |       |       |       |   139 |   674 |   220 |   441 |  1303 ||  2777
       Skin              |       |       |       |       |       |       |       |       |   549 ||   549
Dodge: Dodged            |    33 |    43 |   169 |   202 |   372 |   715 |   309 |   555 |  3561 ||  5959
       Deflected         |       |       |       |       |       |       |       |       |    49 ||    49
Block: Shield            |    69 |   190 |   427 |   125 |       |       |       |       |       ||   811
       Reflection        |       |     2 |     6 |    23 |    47 |    71 |   137 |    97 |    90 ||   473
       Large shield      |       |       |       |   567 |  1609 |  2289 |  1478 |  2309 |  8437 || 16689
       Other             |       |       |       |     2 |     1 |    24 |       |     2 |    36 ||    65
       Rpst.: Scimitar   |       |       |       |    42 |     4 |       |       |     4 |       ||    50
       Double sword      |       |       |       |       |    90 |    96 |    56 |   102 |     6 ||   350

Table legend:
 A = Spawn XP
 B = Non-spawn XP
 C = Spawn XP percentage of total XP
 D = Spawn monster count
 E = Non-spawn monster count
 F = Spawn count percentage of total count
 G = Total turns spent on level
                    A         B        C        D         E        F      G
               +---------+---------+-------+---------+---------+-------+---------
         Total |   60398 | 2513877 |   2.3 |      95 |    3834 |   2.4 | 125035
               +---------+---------+-------+---------+---------+-------+---------
           D:1 |       0 |      28 |   0.0 |       0 |      16 |   0.0 |   550
           D:2 |       0 |     102 |   0.0 |       0 |      23 |   0.0 |   866
           D:3 |       0 |     330 |   0.0 |       0 |      49 |   0.0 |  1243
           D:4 |       0 |     555 |   0.0 |       0 |      26 |   0.0 |   747
           D:5 |       0 |    1429 |   0.0 |       0 |      36 |   0.0 |  1952
           D:6 |       0 |     225 |   0.0 |       0 |      13 |   0.0 |   696
           D:7 |       0 |    2228 |   0.0 |       0 |      37 |   0.0 |  2197
           D:8 |       0 |    3396 |   0.0 |       0 |      40 |   0.0 |   842
           D:9 |       0 |    4471 |   0.0 |       0 |      27 |   0.0 |  1850
          D:10 |       0 |    2016 |   0.0 |       0 |      16 |   0.0 |  2107
          D:11 |       0 |    5778 |   0.0 |       0 |      33 |   0.0 |  1691
          D:12 |       0 |    7005 |   0.0 |       0 |      40 |   0.0 |  1344
          D:13 |       0 |   10334 |   0.0 |       0 |      29 |   0.0 |  1023
          D:14 |       0 |   14449 |   0.0 |       0 |      55 |   0.0 |  1039
          D:15 |       0 |   27341 |   0.0 |       0 |      56 |   0.0 |  2181
        Lair:1 |       0 |    4398 |   0.0 |       0 |      12 |   0.0 |  1580
        Lair:2 |       0 |    5183 |   0.0 |       0 |      24 |   0.0 |  1708
        Lair:3 |       0 |    8988 |   0.0 |       0 |      29 |   0.0 |  2044
        Lair:4 |       0 |    6937 |   0.0 |       0 |      17 |   0.0 |  1975
        Lair:5 |       0 |   15130 |   0.0 |       0 |      43 |   0.0 |  1394
        Lair:6 |       0 |   33627 |   0.0 |       0 |      93 |   0.0 |  2571
       Swamp:1 |       0 |    5888 |   0.0 |       0 |      17 |   0.0 |   687
       Swamp:2 |       0 |    6014 |   0.0 |       0 |      30 |   0.0 |  1340
       Swamp:3 |       0 |   15533 |   0.0 |       0 |      39 |   0.0 |  1246
       Swamp:4 |       0 |   40801 |   0.0 |       0 |      74 |   0.0 |  1531
      Spider:1 |       0 |   18367 |   0.0 |       0 |      51 |   0.0 |  3265
      Spider:2 |       0 |   19478 |   0.0 |       0 |      53 |   0.0 |  2563
      Spider:3 |       0 |   39620 |   0.0 |       0 |      92 |   0.0 |  4493
      Spider:4 |       0 |   34923 |   0.0 |       0 |      59 |   0.0 |  2281
       Slime:1 |       0 |   12901 |   0.0 |       0 |      18 |   0.0 |   793
       Slime:2 |       0 |   17311 |   0.0 |       0 |      24 |   0.0 |   593
       Slime:3 |       0 |    3964 |   0.0 |       0 |      10 |   0.0 |    84
       Slime:4 |       0 |   10774 |   0.0 |       0 |      26 |   0.0 |  1850
       Slime:5 |       0 |   48118 |   0.0 |       0 |      40 |   0.0 |  1324
         Orc:1 |       0 |    5496 |   0.0 |       0 |      35 |   0.0 |  1630
         Orc:2 |       0 |   11995 |   0.0 |       0 |      79 |   0.0 |  2313
         Elf:1 |       0 |   28885 |   0.0 |       0 |      47 |   0.0 |  1927
         Elf:2 |       0 |   45581 |   0.0 |       0 |      63 |   0.0 |  1625
         Elf:3 |       0 |   55612 |   0.0 |       0 |      53 |   0.0 |  2417
      Vaults:1 |       0 |   22347 |   0.0 |       0 |      43 |   0.0 |  1852
      Vaults:2 |       0 |   47032 |   0.0 |       0 |      72 |   0.0 |  2246
      Vaults:3 |       0 |   66491 |   0.0 |       0 |      94 |   0.0 |  2889
      Vaults:4 |       0 |  110491 |   0.0 |       0 |     144 |   0.0 |  3225
      Vaults:5 |       0 |  132678 |   0.0 |       0 |     106 |   0.0 |  1925
       Crypt:1 |       0 |   32875 |   0.0 |       0 |      51 |   0.0 |  1933
       Crypt:2 |       0 |   27153 |   0.0 |       0 |      38 |   0.0 |  2223
       Crypt:3 |       0 |   55689 |   0.0 |       0 |      88 |   0.0 |  1943
      Depths:1 |       0 |   97834 |   0.0 |       0 |     122 |   0.0 |  6975
      Depths:2 |       0 |   81953 |   0.0 |       0 |      84 |   0.0 |  3333
      Depths:3 |       0 |   38324 |   0.0 |       0 |      31 |   0.0 |  2485
      Depths:4 |       0 |   36856 |   0.0 |       0 |      34 |   0.0 |  1918
      Depths:5 |       0 |   70251 |   0.0 |       0 |      62 |   0.0 |  2035
          Hell |       0 |   64097 |   0.0 |       0 |      77 |   0.0 |  3500
         Dis:1 |       0 |    5069 |   0.0 |       0 |       6 |   0.0 |   169
         Dis:2 |       0 |   36844 |   0.0 |       0 |      73 |   0.0 |   729
         Dis:3 |       0 |    5489 |   0.0 |       0 |      10 |   0.0 |   106
         Dis:4 |       0 |    2129 |   0.0 |       0 |       5 |   0.0 |    69
         Dis:5 |       0 |   18256 |   0.0 |       0 |      38 |   0.0 |   890
         Dis:6 |       0 |    6151 |   0.0 |       0 |      12 |   0.0 |    76
         Dis:7 |       0 |  239778 |   0.0 |       0 |     245 |   0.0 |  3089
         Coc:1 |       0 |   22686 |   0.0 |       0 |      45 |   0.0 |   469
         Coc:2 |       0 |   34183 |   0.0 |       0 |      82 |   0.0 |   521
         Coc:3 |       0 |   36021 |   0.0 |       0 |      63 |   0.0 |   617
         Coc:4 |       0 |   30670 |   0.0 |       0 |      63 |   0.0 |   361
         Coc:5 |       0 |   42998 |   0.0 |       0 |      74 |   0.0 |   801
         Coc:6 |       0 |   86500 |   0.0 |       0 |      61 |   0.0 |   878
         Coc:7 |       0 |   94694 |   0.0 |       0 |      75 |   0.0 |   723
         Tar:1 |       0 |   44547 |   0.0 |       0 |      76 |   0.0 |   866
         Tar:2 |       0 |   15767 |   0.0 |       0 |      32 |   0.0 |   126
         Tar:3 |       0 |   26303 |   0.0 |       0 |      39 |   0.0 |   302
         Tar:4 |       0 |     250 |   0.0 |       0 |       2 |   0.0 |    18
         Tar:5 |       0 |    2136 |   0.0 |       0 |       5 |   0.0 |    57
         Tar:6 |       0 |    6195 |   0.0 |       0 |       6 |   0.0 |   157
         Tar:7 |       0 |   47041 |   0.0 |       0 |      49 |   0.0 |   456
         Zot:1 |       0 |   30063 |   0.0 |       0 |      20 |   0.0 |  1540
         Zot:2 |       0 |   25563 |   0.0 |       0 |      16 |   0.0 |  1163
         Zot:3 |       0 |   58604 |   0.0 |       0 |      41 |   0.0 |  1965
         Zot:4 |       0 |   48895 |   0.0 |       0 |      29 |   0.0 |  1402
         Zot:5 |       0 |   35769 |   0.0 |       0 |      25 |   0.0 |  1191
       Abyss:2 |       0 |     752 |   0.0 |       0 |       1 |   0.0 |    75
       Abyss:3 |   60398 |   50003 |  54.7 |      95 |      70 |  57.6 |  2245
           Lab |       0 |    1239 |   0.0 |       0 |       1 |   0.0 |  1720
               +---------+---------+-------+---------+---------+-------+---------
